 Dungeon Crawl Stone Soup version 0.28-a0-664-gc179e30c89 (webtiles) character file.

Game seed: 2667220999308897650

7191 bjtr the Destroyer (level 10, -3/80 HPs)
             Began as a Demigod Conjurer on Oct 16, 2021.
             Slain by a troll (4 damage)
             ... on level 9 of the Dungeon on Oct 17, 2021.
             The game lasted 01:02:24 (12857 turns).

bjtr the Destroyer (Demigod Conjurer)              Turns: 12857, Time: 01:02:26

Health: -3/80      AC:  9    Str:  8    XL:     10   Next: 57%
Magic:  5/24       EV: 13    Int: 32    God:
Gold:   889        SH:  5    Dex: 12    Spells: 3/22 levels left

rFire   + . .      SeeInvis +   O - +0 morningstar (vamp)
rCold   . . .      Faith    .   n - +0 buckler
rNeg    . . .      Spirit   .   E - +0 troll leather armour {Purgy}
rPois   .          Reflect  .   (no helmet)
rElec   .          Harm     .   F - +1 cloak
rCorr   .          Rampage  .   p - +1 pair of gloves
Will    +....                   (no boots)
Stlth   ++........              (no amulet)
HPRegen 1.23/turn               g - ring of protection from fire
MPRegen 0.19/turn               x - ring of see invisible

@: no status effects
A: high mp 1, forlorn
a: no special abilities


You were on level 9 of the Dungeon.
You visited 2 branches of the dungeon, and saw 11 of its levels.
You also visited: Sewer and Bailey.

You collected 980 gold pieces.
You spent 91 gold pieces at shops.

Inventory:

Hand Weapons
 a - a +1 vorpal rapier
 b - a +0 hand crossbow
 c - a +2 trident of protection
 f - a +1 dagger of speed
 h - a +0 long sword of pain
 q - a +2 dagger of freezing
 v - a +0 vampiric spear
 z - a +0 triple crossbow
 K - a +2 short sword of flaming
 L - a +0 war axe
 M - a +1 hand axe of electrocution
 O - a +0 vampiric morningstar (weapon)
 Q - a +3 hand axe
 R - a +1 flail of holy wrath
Missiles
 j - 84 sling bullets
 t - 6 javelins
 w - 51 poisoned darts (quivered)
 H - 4 boomerangs
 J - 46 bolts
Armour
 m - a +1 leather armour of cold resistance
 n - a +0 buckler (worn)
 p - a +1 pair of gloves (worn)
 s - a +0 ring mail
 E - a +0 troll leather armour (worn) {Purgy}
 F - a +1 cloak (worn)
 I - a +0 kite shield
Jewellery
 g - a ring of protection from fire (left hand)
 r - a ring of fire
 x - a ring of see invisible (right hand)
 y - a ring of protection from cold
 C - an amulet of guardian spirit
Wands
 l - a wand of iceblast (19)
 o - a wand of mindburst (21)
 D - a wand of flame (51)
Scrolls
 k - a scroll of immolation
 B - 2 scrolls of fog
 G - 5 scrolls of identify
 P - a scroll of magic mapping
Potions
 d - 2 potions of curing
 e - 3 potions of flight
 i - 3 potions of lignification
 u - a potion of resistance
 N - 2 potions of mutation


   Skills:
 + Level 4.5 Fighting
 + Level 4.6 Armour
 + Level 5.5 Dodging
 - Level 1.7 Stealth
 * Level 5.4 Shields
 * Level 6.8 Spellcasting
 * Level 8.0 Conjurations
 + Level 1.6 Translocations
 * Level 4.4 Air Magic
 + Level 1.2 Evocations


You had 3 spell levels left.
You knew the following spells:

 Your Spells              Type           Power      Damage    Failure   Level
a - Magic Dart            Conj           100%       1d8       1%          1
b - Searing Ray           Conj           100%       2d8       1%          2
c - Iskenderun's Mystic   Conj/Tloc      42%        2d10      8%          4
d - Blink                 Tloc           N/A        N/A       4%          2
e - Mephitic Cloud        Conj/Pois/Air  37%        N/A       3%          3
f - Call Imp              Summ           11%        N/A       9%          2
g - Swiftness             Air            39%        N/A       2%          3
h - Passwall              Tmut/Erth      9%         N/A       9%          2

Your spell library contained the following spells:

 Spells                   Type           Power      Damage    Failure   Level
 Dazzling Flash           Conj/Hex       72%        N/A       3%          3
 Slow                     Hex            11%        N/A       9%          2
 Gell's Gravitas          Tloc           10%        N/A       9%          3
 Lesser Beckoning         Tloc           21%        N/A       9%          3
 Teleport Other           Tloc           21%        N/A       9%          3
 Portal Projectile        Hex/Tloc       32%        N/A       12%         3
 Call Canine Familiar     Summ           11%        N/A       17%         3
 Confusing Touch          Hex            11%        N/A       17%         3
 Fulminant Prism          Conj/Hex       18%        3d11      11%         4
 Summon Lightning Spire   Summ/Air       25%        N/A       22%         4
 Leda's Liquefaction      Hex/Erth       5%         N/A       50%         4
 Manifold Assault         Tloc           21%        N/A       63%         5
 Yara's Violent Unravell  Hex/Tmut       5%         3d4       85%         5
 Invisibility             Hex            5%         N/A       100%        6
 Storm Form               Tmut/Air       12%        N/A       100%        7
 Maxwell's Capacitive Co  Air            19%        ∞         100%        8


Dungeon Overview and Level Annotations

Branches:
Dungeon (10/15)            Temple (1/1) D:5            Lair (0/6) D:9
  Sewer (visited)          Bailey (visited)
    Orc: D:9-12

Shops:
D:3 *[(*

Annotations:
D:8 Gastronok
D:10 Josephine


Innate Abilities, Weirdness & Mutations

Your attributes grow dramatically as you level up.
You have an increased reservoir of magic. (+10% MP)
You shall have no god before yourself.


Message History

Confirm with . or Enter, or press ? or * to list all spells.
You erupt in a blast of force!
The mystic blast hits the troll!
The troll is heavily wounded.
The troll is knocked back by the mystic blast.
Casting: Iskenderun's Mystic Blast (dangerous; 8% risk of failure)
Confirm with . or Enter, or press ? or * to list all spells.
Aiming: Searing Ray (safe; 1% risk of failure)
Press: ? - help, Shift-Dir - straight line, f - troll
Aim: a troll (heavily wounded, 83% to hit)
The searing ray hits the troll!
The troll is severely wounded. (Press . to maintain the ray.)
The searing ray hits the troll.
The troll is severely wounded.
The searing ray hits the troll.
The troll is severely wounded.
The searing ray hits the troll.
The troll is almost dead.
You finish channelling your searing ray.
The troll bites you.
* * * LOW HITPOINT WARNING * * *
You block the troll's attack. x2
You closely miss the troll.
The troll is almost dead.
The troll bites you but does no damage. The troll claws you.
* * * LOW HITPOINT WARNING * * *
The troll completely misses you. The troll barely misses you.
You block the troll's attack. The troll misses you.
You hit the troll.
You feel better.
The troll is almost dead.
The troll bites you.
* * * LOW HITPOINT WARNING * * *
The troll claws you but does no damage. The troll closely misses you.
You completely miss the troll.
The troll is almost dead.
The troll bites you!
* * * LOW HITPOINT WARNING * * *
The troll claws you but does no damage. The troll barely misses you.
The troll bites you.
You die...

......# #.# #.#.# ####' ......#
#.# #.#.# #.... ......###.#
##'#.# ######.... ..........#
#.[..#######.........
......#######....##..............
......# #.....##..............
...#### #.....##..............
...# #....T##............[. ...#
#....@.'.............. ####
#....###............##
#....##.............#
#....##....}....#####
#....##.........#
#######.........# #.........#
#.........# ###########


You could see a troll.

Vanquished Creatures
  A two-headed ogre (D:8)
  A troll (D:8)
  A hornet (D:7)
  2 wraiths (D:9)
  5 yaks
  A wyvern (D:9)
  An acid dragon (D:10)
  Purgy (Sewer)
  A sky beast (D:2)
  9 orc warriors
  2 black bears
  3 centaurs
  2 phantoms
  2 kobold brigands
  A water moccasin zombie (D:5)
  4 bullfrogs
  2 gnoll sergeants
  2 scorpions
  A water moccasin skeleton (D:7)
  20 killer bees
  A wight (D:8)
  3 howler monkeys
  2 centaur zombies
  A bullfrog zombie (D:5)
  3 hounds
  A jelly (D:6)
  A centaur skeleton (D:6)
  4 orc priests
  6 iguanas
  10 orc wizards
  2 killer bee zombies (D:8)
  A hound zombie (D:5)
  A hound skeleton (D:4)
  4 howler monkey zombies
  14 gnolls
  6 adders
  2 shadow imps (D:6)
  A white imp (D:7)
  An ufetubus (D:7)
  4 worms
  3 dart slugs
  33 orcs
  7 bats
  6 endoplasms
  A giant cockroach (D:1)
  10 goblins
  11 hobgoblins
  2 jackals (D:3)
  2 quokkas
  8 ball pythons
  3 frilled lizards (D:1)
  23 kobolds
  9 rats
248 creatures vanquished.

Notes
Turn   | Place    | Note
-------+----------+-------------------------------------------
     0 | D:1      | bjtr the Demigod Conjurer began the quest for the Orb.
     0 | D:1      | Reached XP level 1. HP: 14/14 MP: 5/5
   428 | D:1      | Reached skill level 4 in Conjurations
   434 | D:1      | Reached XP level 2. HP: 17/20 MP: 1/7
   437 | D:1      | Learned a level 2 spell: Searing Ray
  1486 | D:2      | Reached XP level 3. HP: 25/26 MP: 8/8
  2452 | D:3      | Found Xeixuuxo's Antique Weapon Boutique.
  2487 | D:3      | Reached XP level 4. HP: 33/33 MP: 5/10
  2487 | D:3      | Noticed a sky beast
  2558 | D:2      | Killed a sky beast
  2559 | D:2      | Reached skill level 5 in Conjurations
  2559 | D:2      | Reached XP level 5. HP: 16/38 MP: 0/12
  2818 | D:3      | Found Acwemuysa's General Store.
  2905 | D:3      | Bought a scroll of identify for 28 gold pieces
  2944 | D:3      | Found Ampin's Armour Boutique.
  2953 | D:3      | Bought a +0 pair of gloves for 63 gold pieces
  3039 | D:3      | Found Leowneoc's General Store.
  3743 | D:4      | Noticed a black bear
  3750 | D:4      | Killed a black bear
  3751 | D:4      | Reached XP level 6. HP: 46/46 MP: 6/14
  3942 | D:4      | Reached skill level 1 in Shields
  4189 | D:4      | Reached skill level 1 in Armour
  4794 | D:5      | Entered Level 5 of the Dungeon
  4870 | D:5      | Reached skill level 1 in Fighting
  4964 | D:5      | Reached XP level 7. HP: 37/52 MP: 10/16
  5652 | D:5      | Found a staircase to the Ecumenical Temple.
  6041 | D:5      | Reached skill level 6 in Conjurations
  6205 | Temple   | Entered the Ecumenical Temple
  6345 | D:6      | Found a glowing drain.
  6355 | Sewer    | Entered a sewer
  6517 | Sewer    | Noticed Purgy
  6526 | Sewer    | Killed Purgy
  6674 | D:6      | Reached XP level 8. HP: 57/60 MP: 14/18
  7239 | D:6      | Reached skill level 5 in Spellcasting
  7645 | D:6      | Learned a level 4 spell: Iskenderun's Mystic Blast
  7870 | D:7      | HP: 2/62 [gnoll sergeant (6)]
  8078 | D:7      | Reached skill level 1 in Air Magic
  8239 | D:7      | Noticed a hornet
  8288 | D:7      | Killed a hornet
  8582 | D:7      | Reached XP level 9. HP: 38/69 MP: 3/20
  8751 | D:7      | Noticed a manticore
  8816 | D:8      | Noticed a two-headed ogre
  9035 | D:8      | Reached skill level 7 in Conjurations
  9134 | D:8      | Killed a two-headed ogre
  9182 | D:8      | Learned a level 2 spell: Blink
  9246 | D:8      | HP: 2/70 [troll (10)]
  9886 | D:9      | Reached skill level 1 in Evocations
  9980 | D:9      | Noticed Gastronok
 10373 | D:9      | Learned a level 3 spell: Mephitic Cloud
 10376 | D:9      | Learned a level 2 spell: Call Imp
 10380 | D:9      | Learned a level 3 spell: Swiftness
 10564 | D:9      | Reached skill level 5 in Dodging
 10632 | D:9      | Found a staircase to the Lair.
 10914 | D:9      | Reached XP level 10. HP: 40/78 MP: 19/23
 11150 | D:10     | Entered Level 10 of the Dungeon
 11325 | D:10     | Reached skill level 5 in Shields
 11334 | D:10     | Reached skill level 1 in Translocations
 11341 | D:10     | Found a flagged portal.
 11409 | Bailey   | Entered a bailey
 11413 | Bailey   | Learned a level 2 spell: Passwall
 12364 | D:10     | Noticed a centaur warrior
 12364 | D:10     | Noticed a two-headed ogre
 12597 | D:10     | Reached skill level 8 in Conjurations
 12816 | D:10     | Noticed Josephine
 12857 | D:9      | HP: 1/80 [troll (16)]
 12857 | D:9      | Slain by a troll

Illustrated notes

Levels and vault maps discovered:
D:1:      matt_arrival_los_fun, layout_loops_ring, kennysheep_another_room,
          lemuel_old_faithful
D:2:      layout_basic, hellmonk_ecumenical_altar_blasted, grunt_decor_cap
D:3:      layout_basic, lemuel_crystal_altar, serial_shops, shop,
          nicolae_square_shop, nicolae_shop_behind_doors, shop,
          minmay_misc_feat_more_columns, hangedman_abyss_or_decor_lesser_grid,
          kennysheep_generic_room_15
D:4:      layout_gridville, mainiacjoe_overflow_catwalk
D:5:      layout_cave_pools, lemuel_coloured_pillars_altar,
          mainiacjoe_overflow_alcove_4, mainiacjoe_overflow_two_lobes,
          minmay_temple_entry_purple_smoke
D:6:      layout_basic, nemelex_altar_shiori,
          nicolae_gozag_cash_rules_everything_around_me, portal_sewer_entry_b,
          st_stairs_3
D:7:      layout_cave_pools, lightli_corner_chamber
D:8:      kennysheep_blocky_hall, layout_basic, amcnicky_altar_gilded,
          minmay_microvault
D:9:      layout_basic, lair_entry_dummy, uniq_gastronok
D:10:     cheibrodos_barr_body, layout_rooms, lemuel_tele_altar, enter_bailey_2,
          uniq_josephine
Temple:   nicolae_temple_x_marks_the_god

Skill      XL: |  1  2  3  4  5  6  7  8  9 10 |
---------------+-------------------------------+-----
Dodging        | 2 3 4 5 |  5.5
Conjurations   | 4 5 6 7 8 |  8.0
Spellcasting   | 2 3 4 5 6 |  6.8
Shields        | 1 2 3 4 5 |  5.4
Armour         | 1 3 4 |  4.6
Fighting       | 1 3 4 |  4.5
Air Magic      | 1 3 4 |  4.4
Evocations     | 1 |  1.2
Translocations | 1 |  1.6
Stealth        | |  1.7

Action                   |  1- 3 |  4- 6 |  7- 9 | 10-12 || total
-------------------------+-------+-------+-------+-------++-------
Melee: Dagger            |     9 |       |       |       ||     9
       Rapier            |    17 |    59 |   162 |    23 ||   261
       Morningstar       |       |       |       |    50 ||    50
       Long sword        |       |       |       |     5 ||     5
 Fire: Triple crossbow   |       |       |    10 |       ||    10
       Hand crossbow     |       |       |       |     4 ||     4
Throw: Dart              |       |       |     4 |       ||     4
 Cast: Magic Dart        |    58 |    13 |     7 |       ||    78
       Searing Ray       |     7 |    23 |    81 |    42 ||   153
       Iskenderun's Myst |       |       |     4 |    11 ||    15
       Blink             |       |       |     2 |     3 ||     5
Evoke: Wand              |       |       |     9 |       ||     9
  Use: Scroll            |     4 |     5 |    11 |     4 ||    24
       Potion            |       |       |     4 |       ||     4
 Stab: Sleeping          |     2 |     1 |     1 |       ||     4
Armor: Robe              |     3 |     2 |       |       ||     5
       Leather armour    |       |    20 |    26 |       ||    46
       Troll leather arm |       |       |   106 |    76 ||   182
Dodge: Dodged            |    14 |    53 |   280 |   107 ||   454
Block: Buckler           |       |    17 |    91 |    50 ||   158

Table legend: (Time is in decaauts)
 A = Elapsed time spent in this place.
 B = Non-inter-level travel time spent in this place.
 C = Inter-level travel time spent in this place.
 D = Time resting spent in this place.
 E = Time spent auto-exploring this place.
 F = Levels seen in this place.
 G = Mean time per level.
                   A        B        C        D        E       F      G
               +--------+--------+--------+--------+--------+-----+--------+
         Total |  12929 |  12464 |    465 |   3342 |   6404 |  13 |  994.5 |
       Dungeon |  11786 |  11321 |    465 |   2577 |   6310 |  10 | 1178.6 |
        Temple |      1 |      1 |      0 |      0 |      0 |   1 |    1.0 |
         Sewer |    282 |    282 |      0 |    124 |     78 |   1 |  282.0 |
        Bailey |    858 |    858 |      0 |    641 |     16 |   1 |  858.0 |
               +--------+--------+--------+--------+--------+-----+--------+

Top non-repeatable levels by time:
     D:2: 1585 daAuts
     D:6: 1274 daAuts
     D:5: 1255 daAuts
     D:4: 1248 daAuts
     D:9: 1226 daAuts
     D:8: 1158 daAuts
     D:7: 1115 daAuts
     D:1: 1103 daAuts
     D:3: 1058 daAuts
  Bailey: 858 daAuts
    D:10: 761 daAuts
   Sewer: 282 daAuts
  Temple: 1 daAuts
